AoeStats
← SfL13

Arabia

507276464Analyzed
1v1 RM · 13d ago on Sep 17, 2026· 33m 8s· 2 players
Game mode
Random Map
Map size
Tiny (2 player)
Population
200
Speed
Normal
Resources
Standard
Victory
Conquest
Starting age
Dark Age
Ending age
Imperial Age
RankedLock teamsTeams togetherTeam positionsShared explorationLock speedFull tech treeHidden civsTurbo modeCheats
Victory
Defeat
946
+15
🇿🇦 Japanese · South Africa
915
-15
SfL13
10:31 Loom
13:36 Feudal Age
17:21 Castle Age
17:33 Double-Bit Axe
21:29 Elite Skirmisher
23:19 Fletching
23:32 Padded Archer Armor
29:24 Town Watch
30:16 Bow Saw
32:57 Imperial Age
32:44 Ballistics
pisse.sur-GiveUpYouWillDie
8:56 Loom
11:14 Feudal Age
15:05 Castle Age
13:42 Double-Bit Axe
14:39 Fletching
18:47 Horse Collar
20:42 Padded Archer Armor
22:18 Bodkin Arrow
25:58 Ballistics
27:19 Wheelbarrow
26:52 Gold Mining
29:46 Scale Barding Armor
31:06 Leather Archer Armor
32:27 Husbandry
32:42 Forging
Connection lost

Rejoining the realm…

Still unreachable

The connection could not be restored.

Session expired

The server has moved on; the page needs a fresh start.